 Dungeon Sprint DCSS version 0.21.0-26-g889b8f6 (webtiles) character file.

51 wojtek the Chopper (level 3, -8/36 HPs)
             Began as a Minotaur Berserker on Jan 27, 2018.
             Was a Believer of Trog.
             Drowned by a water elemental (11 damage)
             ... in the Dungeon (Sprint III: "The Ten Rune Challenge").
             The game lasted 00:00:40 (259 turns).

wojtek the Chopper (Minotaur Berserker)              Turns: 259, Time: 00:00:40

Health: -8/36      AC:  4    Str: 22    XL:     3   Next: 57%
Magic:  2/2        EV: 13    Int:  4    God:    Trog [**....]
Gold:   18         SH:  0    Dex:  9    Spells: 2/2 levels left

rFire    . . .     SeeInvis .   a - +0 hand axe
rCold    . . .     Gourm    .   (no shield)
rNeg     . . .     Faith    .   b - +0 animal skin
rPois    .         Spirit   .   (helmet restricted)
rElec    .         Reflect  .   l - +0 cloak
rCorr    .         Harm     .   (no gloves)
MR       .....     NoTele   +   k - +0 pair of boots
Stlth    +.........             (no amulet)
HPRegen  0.12/turn              (no ring)
MPRegen  0.08/turn              (no ring)

@: engulfed (cannot breathe), berserk cooldown, slowed, very slow
A: retaliatory headbutt, horns 2
a: Berserk, Trog's Hand, Burn Spellbooks, Renounce Religion


You were in the Dungeon.
You worshipped Trog.
Trog was pleased with you.
You were not hungry.

You visited 1 branch You collected 18 gold pieces.

Inventory:

Hand Weapons
 a - a +0 hand axe (weapon)
Armour
 b - a +0 animal skin (worn)
 k - a +0 pair of boots (worn)
 l - a +0 cloak (worn)
Scrolls
 i - a scroll of blinking
 n - a scroll of holy word {unknown}
 o - 3 scrolls of identify {unknown}
 p - a scroll of remove curse {unknown}
 s - a scroll of immolation {unknown}
Potions
 d - a potion of curing
 e - a potion of heal wounds
 f - a potion of haste
 g - 2 potions of magic
 h - a potion of berserk rage
 m - 3 potions of mutation {unknown}
 q - 2 potions of invisibility {unknown}
 r - 3 potions of flight
Comestibles
 c - 3 rations
 j - 3 chunks of flesh


   Skills:
 + Level 5.2 Fighting
 * Level 6.5 Axes
 + Level 4.4 Armour
 + Level 4.0 Dodging


You had 2 spell levels left.
You didn't know any spells.

Dungeon Overview and Level Annotations

Branches:
Dungeon (1/1)

Altars:


Innate Abilities, Weirdness & Mutations

You reflexively headbutt those who attack you in melee.
You have a pair of horns on your head.


Message History

You hit the water elemental.
The water elemental is moderately damaged.
Your lungs strain for air!
You hit the water elemental.
The water elemental is moderately damaged.
Your lungs strain for air!
You are no longer berserk.
You are exhausted.
You feel yourself slow down. The water elemental hits you!
Unknown command.
You are too injured to fight recklessly!
You are too injured to fight recklessly!
You slash the water elemental!
The water elemental is severely damaged.
* * * LOW HITPOINT WARNING * * *
Your lungs strain for air!
The water elemental misses you. The water elemental closely misses you.
You hit the water elemental.
The water elemental is severely damaged.
You die...

▓▓▓▓▓▓▓▓▓ ▓▓▓
.#..'...♣♣♣♣ ♣.#
.#..#....♣.♣ ♣♣.#
'####.....♣♣ ..#
....#....≈.♣♣♣♣.###+#+##
....#...÷≈.♣♣...#.......
...[#).≈≈≈≈♣.♣♣.@.⌠.....
###'#..≈≈≈≈≈≈.♣.#E..####
....#.≈≈≈≈≈≈....#.⌠.#
....#.≈≈≈≈≈.....#...#
....#.≈≈≈.......#+###
#####...........#
................#
▓▓▓▓▓▓▓▓▓▓▓▓▓▓▓▓▓


You could see a water elemental.

Vanquished Creatures
  Crazy Yiuf (D)
  A human (D)
  An ooze (D)
  3 rats (D)
6 creatures vanquished.

Vanquished Creatures (others)
  A draconian scorcher (D)
  A yaktaur (D)
  6 hellions (D)
  5 plants (D)
13 creatures vanquished.

Grand Total: 19 creatures vanquished

Notes
Turn   | Place    | Note
-------+----------+-------------------------------------------
     0 | D        | wojtek the Minotaur Berserker began the quest for the Orb.
     0 | D        | Reached XP level 1. HP: 19/19 MP: 0/0
     6 | D        | Reached skill level 4 in Axes
   128 | D        | Killed a hellion
   130 | D        | Killed a hellion
   133 | D        | Reached ** piety under Trog
   134 | D        | Killed a hellion
   159 | D        | Noticed Crazy Yiuf
   161 | D        | Killed a yaktaur
   163 | D        | Killed Crazy Yiuf
   163 | D        | Reached skill level 5 in Axes
   163 | D        | Reached XP level 2. HP: 28/28 MP: 1/1
   163 | D        | Reached XP level 3. HP: 35/35 MP: 2/2
   190 | D        | Killed a hellion
   217 | D        | Reached skill level 5 in Fighting
   217 | D        | Reached skill level 6 in Axes
   223 | D        | Killed a white draconian scorcher
   229 | D        | Killed a hellion
   237 | D        | Killed a hellion
   252 | D        | Noticed a water elemental
   259 | D        | Drowned by a water elemental

Skill      XL: |  1  2  3 |
---------------+----------+-----
Fighting       | 4 5 |  5.2
Axes           | 5 6 |  6.5
Armour         | 4 |  4.4
Dodging        | 3 4 |  4.0

Action                   || total
-------------------------++-------
Melee: Hand axe          ||    27
       Headbutt          ||     3
Invok: Berserk           ||     2
Armor: Animal skin       ||     3
Dodge: Dodged            ||    10
